AoeStats
← 153159

Arabia

509886028Analyzed
3v3 RM · 3d ago on Sep 28, 2026· 46m 35s· 6 players
Game mode
Random Map
Map size
Normal (6 player)
Population
200
Speed
Normal
Resources
Standard
Victory
Conquest
Starting age
Dark Age
Ending age
Imperial Age
RankedLock teamsTeams togetherTeam positionsShared explorationLock speedFull tech treeHidden civsTurbo modeCheats
Victory
Defeat
🇹🇼 Mongols · Taiwan
1023
+13
🇹🇼 Japanese · Taiwan
956
+35
🇹🇼 Franks · Taiwan
860
+19
🇦🇺 Franks · Australia
955
-35
🇦🇺 Slavs · Australia
953
-35
🇦🇺 Cumans · Australia
926
-35
Tbagface
8:14 Loom
10:40 Feudal Age
11:51 Double-Bit Axe
15:44 Scale Barding Armor
17:24 Forging
20:06 Wheelbarrow
19:17 Town Watch
24:30 Castle Age
25:12 Husbandry
Cooked Chook
6:48 Loom
10:18 Feudal Age
11:53 Double-Bit Axe
13:35 Man-at-Arms
15:17 Forging
19:37 Scale Mail Armor
20:33 Fletching
21:23 Padded Archer Armor
24:22 Castle Age
26:03 Bodkin Arrow
26:41 Squires
29:13 Leather Archer Armor
29:24 Long Swordsman
31:23 Gold Mining
34:23 Iron Casting
35:30 Bow Saw
35:58 Gold Shaft Mining
35:43 Elite Skirmisher
42:17 Scale Barding Armor
fenbury
4:56 Loom
10:38 Feudal Age
12:29 Wheelbarrow
11:40 Town Watch
11:44 Double-Bit Axe
11:43 Horse Collar
23:39 Bloodlines
25:39 Castle Age
24:08 Forging
25:09 Scale Barding Armor
27:01 Light Cavalry
34:57 Pikeman
35:38 Squires
35:33 Capped Ram
40:51 Iron Casting
40:37 Chain Barding Armor
44:56 Steppe Husbandry
153159
0:51 Loom
11:15 Feudal Age
32:40 Scale Mail Armor
32:52 Forging
33:30 Scale Barding Armor
35:49 Castle Age
37:12 Iron Casting
36:11 Light Cavalry
36:54 Pikeman
39:16 Chain Mail Armor
42:55 Squires
BlueWolf
8:36 Loom
12:00 Feudal Age
14:27 Double-Bit Axe
17:24 Castle Age
15:37 Horse Collar
15:49 Fletching
18:15 Bodkin Arrow
28:31 Ballistics
28:56 Padded Archer Armor
30:19 Leather Archer Armor
29:26 Light Cavalry
35:14 Imperial Age
33:24 Wheelbarrow
32:35 Town Watch
36:44 Conscription
37:09 Bloodlines
36:59 Husbandry
37:31 Forging
37:27 Scale Barding Armor
37:52 Murder Holes
38:58 Chemistry
38:07 Siege Engineers
40:17 Bracer
41:37 Drill
42:46 Gold Mining
42:22 Hussar
46:15 Iron Casting
46:00 Chain Barding Armor
46:09 Thumb Ring
46:30 Parthian Tactics
47:05 Hand Cart
kimboy9420
7:15 Loom
11:18 Feudal Age
12:44 Horse Collar
12:54 Double-Bit Axe
19:08 Fletching
19:18 Padded Archer Armor
33:09 Castle Age
32:51 Gold Mining
33:25 Crossbowman
34:26 Thumb Ring
34:02 Pikeman
36:24 Squires
36:25 Bodkin Arrow
37:57 Elite Skirmisher
40:00 Leather Archer Armor
45:50 Ballistics
46:15 Sanctity
Connection lost

Rejoining the realm…

Still unreachable

The connection could not be restored.

Session expired

The server has moved on; the page needs a fresh start.